Map: Pylon LE

Players

Harstem

  • Race: Protoss Protoss
  • League: Grandmaster
  • Spawn Location: 5:00

STZsOs (sOs) - Winner!

  • Race: Protoss Protoss
  • Spawn Location: 11:00

Event: HomeStory Cup XXVII

VOD

Have the link to the VOD?

Description

Time

  • Played on: June 28, 2025, 3:03 p.m.
  • Length: 4:06

All games in this series

Show
View Real Time Build Order
Export as new Build Order

Harstem Protoss 

Build Orders:  

Get SALT Encoding   

  12  0:00  Probe  
  13  0:12  Probe  
  14  0:17  Pylon  
  14  0:24  Probe  
  15  0:32  Probe  
  15  0:36  Gateway  
  15  0:40  Probe  
  16  0:46  Assimilator  
  17  0:51  Probe  
  17  0:54  Assimilator  
  18  0:59  Probe  
  19  1:07  Gateway, Probe  
  20  1:17  Probe  
  20  1:24  Cybernetics Core  
  21  1:29  Probe  
  22  1:33  Pylon  
  22  1:41  Probe  
  23  1:47  Warp Gate  
  24  2:01  Robotics Facility, Adept  
  24  2:04  Adept  
  27  2:11  Pylon  
  28  2:15  Probe  
  28  2:31  Adept  
  28  2:34  Adept  
  32  2:38  Gateway  
  32  2:52  Warp Prism  
  34  3:03  Pylon  
  35  3:21  Pylon  
  33  3:36  Stalker x3  
  38  3:42  Probe  
Show
View Real Time Build Order
Export as new Build Order

STZsOs Protoss - Winner!

Build Orders: Oracle Opening 

Get SALT Encoding   

  12  0:00  Probe  
  13  0:12  Probe  
  14  0:17  Pylon  
  14  0:24  Probe  
  15  0:32  Probe  
  15  0:37  Gateway  
  15  0:40  Probe  
  16  0:46  Assimilator  
  17  0:51  Probe  
  18  0:59  Probe  
  18  1:01  Pylon  
  19  1:04  Assimilator  
  19  1:07  Probe  
  20  1:17  Probe  
  20  1:24  Cybernetics Core  
  21  1:29  Probe  
  21  1:31  Zealot  
  24  1:41  Probe  
  25  1:53  Probe  
  26  1:59  Stalker  
  26  2:02  Stargate  
  28  2:16  Warp Gate  
  28  2:17  Probe  
  29  2:28  Pylon  
  31  2:37  Oracle  
  31  2:46  Stalker  
  34  2:54  Nexus  
  34  3:04  Shield Battery  
  33  3:12  Void Ray  
  37  3:28  Shield Battery  
  37  3:35  Pylon  
  37  3:42  Shield Battery  
  37  3:43  Shield Battery  
  37  3:57  Shield Battery  
Tags
 
Matchup
PvP
Replay Pack
hsc27
Spawn Locations
Cross Positions
Add a new tag
Caveats
  • Supply blocks, unpowered buildings, or Contaminate may cause inaccurate times.
  • Supply counts are checked every 10 seconds.